 Dungeon Crawl Stone Soup version 0.22.0-6-g71bd7aa (webtiles) character file.

122 HallandMoats the Skirmisher (level 4, -2/38 HPs)
             Began as a Demonspawn Fighter on Aug 14, 2018.
             Slain by an ogre
             ... wielding a cursed -2 giant spiked club
              (14 damage)
             ... on level 4 of the Dungeon.
             The game lasted 00:03:20 (2334 turns).

HallandMoats the Skirmisher (Demonspawn Fighter)    Turns: 2334, Time: 00:03:21

Health: -2/38      AC:  7    Str: 18    XL:     4   Next: 78%
Magic:  4/4        EV: 11    Int: 14    God:
Gold:   156        SH:  0    Dex: 12    Spells: 3/3 levels left

rFire    . . .     SeeInvis .   a - +0 long sword
rCold    . . .     Gourm    .   (no shield)
rNeg     . . .     Faith    .   v - +0 ring mail
rPois    .         Spirit   .   m - +2 hat
rElec    .         Reflect  .   g - scarf {repulsion}
rCorr    .         Harm     .   (no gloves)
MR       .....                  (no boots)
Stlth    +.........             (no amulet)
HPRegen  0.12/turn              (no ring)
MPRegen  0.09/turn              u - +5 ring of intelligence

@: repel missiles
A: antennae 1, sturdy frame 1
a: no special abilities


You were on level 4 of the Dungeon.
You were hungry.

You visited 1 branch of the dungeon, and saw 4 of its levels.

You collected 156 gold pieces.

Inventory:

Hand Weapons
 a - a +0 long sword (weapon)
Armour
 c - a +0 shield
 g - a scarf of repulsion (worn)
 m - a +2 hat (worn)
 v - a +0 ring mail (worn)
Jewellery
 p - an uncursed ring of fire
 u - a +5 ring of intelligence (right hand)
Scrolls
 e - a scroll of amnesia {unknown}
 j - a scroll of teleportation {unknown}
 k - a scroll of immolation {unknown}
 l - 2 scrolls of remove curse {unknown}
 n - a scroll of noise {unknown}
 o - a scroll of enchant weapon {unknown}
 q - a scroll of identify {unknown}
 t - a scroll of random uselessness {unknown}
Potions
 b - a potion of brilliance {unknown}
 d - 2 potions of might
 h - 3 potions of haste {unknown}
 i - a potion of agility
 r - a potion of lignification {unknown}
 s - a potion of curing
Comestibles
 f - 5 rations


   Skills:
 * Level 4.5 Fighting
 + Level 2.7 Long Blades
 - Level 2.6 Armour
 + Level 1.5 Dodging
 - Level 2.6 Shields


You had 3 spell levels left.
You didn't know any spells.
Your spell library was empty.

Dungeon Overview and Level Annotations

Branches:
Dungeon (4/15)
 Temple: D:4-7

Altars:


Innate Abilities, Weirdness & Mutations

You have a pair of small antennae on your head.
Your movements are slightly less encumbered by armour. (ER -2)


Message History

The ogre is lightly wounded.
The ogre misses you.
You barely miss the ogre.
The ogre is lightly wounded.
The ogre hits you but does no damage.
You slash the ogre!
The ogre is heavily wounded.
The ogre misses you.
You slash the ogre!
The ogre is severely wounded.
The ogre hits you with a giant spiked club!
The dart slug launches a dart at you. The slug dart hits you!
You hit the ogre.
The ogre is severely wounded.
The ogre hits you but does no damage. The dart slug closely misses you.
You hit the ogre.
The ogre is almost dead.
The ogre hits you with a giant spiked club!
You die...

.# # .# #. .# #
#.########.# ### #.
...........#..w.
.####.####..###........
.....!...............O.
.####.#.......wO###.##.
.........<.....@.......
.####.........#####.##.
................###.#
.####....#####......#
#.....#####......#
#.....#..........#
#.....#.###.....##
##....# #.....#
#....#.# #.....#


You could see an ogre and a dart slug.

Vanquished Creatures
  A worker ant (D:4)
  A hound zombie (D:2)
  4 gnolls (D:3)
  A worm (D:2)
  A leopard gecko (D:3)
  5 bats
  3 giant cockroaches
  5 goblins
  10 hobgoblins
  A quokka (D:2)
  A jackal skeleton (D:4)
  5 kobolds
  4 rats
42 creatures vanquished.

Notes
Turn   | Place    | Note
-------+----------+-------------------------------------------
     0 | D:1      | HallandMoats the Demonspawn Fighter began the quest for the Orb.
     0 | D:1      | Reached XP level 1. HP: 18/18 MP: 1/1
   195 | D:1      | Gained mutation: Your movements are slightly less encumbered by armour. (ER -2) [demonic ancestry]
   195 | D:1      | Reached XP level 2. HP: 24/24 MP: 2/2
   867 | D:2      | Reached XP level 3. HP: 23/30 MP: 3/3
  1261 | D:2      | Reached skill level 4 in Fighting
  1485 | D:3      | Reached skill level 1 in Dodging
  1811 | D:3      | Gained mutation: You have a pair of small antennae on your head. [demonic ancestry]
  1811 | D:3      | Reached XP level 4. HP: 37/37 MP: 4/4
  2321 | D:4      | Noticed an ogre
  2334 | D:4      | Slain by an ogre

Skill      XL: |  1  2  3 |
---------------+----------+-----
Long Blades    | 2 |  2.7
Fighting       | 4 |  4.5
Dodging        | 1 |  1.5
Armour         | |  2.6
Shields        | |  2.6

Action                   |  1- 3 |  4- 6 || total
-------------------------+-------+-------++-------
Melee: Long sword        |   101 |    24 ||   125
  Use: Potion            |       |     2 ||     2
  Eat: Chunk             |     3 |     1 ||     4
Armor: Scale mail        |    48 |       ||    48
       Ring mail         |    22 |     3 ||    25
Dodge: Dodged            |    54 |    12 ||    66
       Rpst.: Long sword |    16 |     3 ||    19
